 Dungeon Crawl Stone Soup version 0.28-a0-724-g66f9036eb4 (webtiles) character file.

Game seed: 14428179293926418715

4 Rennog the Shield-Bearer (level 1, -1/11 HPs)
             Began as a Vine Stalker Fighter on Oct 27, 2021.
             Slain by a jackal (2 damage)
             ... on level 1 of the Dungeon.
             The game lasted 00:00:20 (83 turns).

Rennog the Shield-Bearer (Vine Stalker Fighter)       Turns: 83, Time: 00:00:21

Health: -1/11      AC:  6    Str: 18    XL:     1   Next: 70%
Magic:  0/2        EV:  9    Int:  8    God:
Gold:   8          SH:  4    Dex: 13    Spells: 0/0 levels left

rFire   . . .      SeeInvis .     - Unarmed
rCold   . . .      Faith    .   b - +0 buckler
rNeg    . . .      Spirit   +   a - +0 scale mail
rPois   .          Reflect  .   (no helmet)
rElec   .          Harm     .   (no cloak)
rCorr   .          Rampage  .   (no gloves)
Will    .....                   (no boots)
Stlth   ..........              (no amulet)
HPRegen 0.03/turn               (no ring)
MPRegen 0.08/turn               (no ring)

@: no status effects
A: fangs 2, magic shield, antimagic bite, no potion heal 2
a: no special abilities


You were on level 1 of the Dungeon.
You visited 1 branch of the dungeon, and saw 1 of its levels.

You collected 8 gold pieces.

Inventory:

Armour
 a - a +0 scale mail (worn)
 b - a +0 buckler (worn)
Scrolls
 d - a scroll of fog {unknown}
Potions
 c - a potion of might


   Skills:
 - Level 2.6 Fighting
 - Level 2.4 Armour
 - Level 2.6 Shields
 + Level 2.4 Unarmed Combat


You couldn't memorise any spells.
You didn't know any spells.
Your spell library was empty.

Dungeon Overview and Level Annotations

Branches:
Dungeon (1/15)

Altars:


Innate Abilities, Weirdness & Mutations

You have extremely sharp teeth.
When hurt, damage is shared between your health and your magic reserves.
Your bite disrupts and absorbs the magic of your enemies.
Potions cannot restore your health.


Message History

The jackal barely misses you.
You hit the jackal but do no damage. You bite the jackal. You drain its power.
The jackal is moderately wounded.
The jackal closely misses you. The jackal bites you.
You barely miss the jackal.
The jackal is moderately wounded.
The frilled lizard barely misses you. The jackal bites you.
A goblin comes into view. It is wielding a +0 dagger.
You hit the jackal. Your bite misses the jackal.
The jackal is heavily wounded.
The jackal bites you.
The frilled lizard bites you but does no damage.
You are too injured to fight recklessly!
You are too injured to fight recklessly!
You are too injured to fight recklessly!
You are too injured to fight recklessly!
You are too injured to fight recklessly!
You are too injured to fight recklessly!
You are too injured to fight recklessly!
You are too injured to fight recklessly!
You are too injured to fight recklessly!
You are too injured to fight recklessly!
You are too injured to fight recklessly!
You are too injured to fight recklessly!
You are too injured to fight recklessly!
You are too injured to fight recklessly!
You are too injured to fight recklessly!
You are too injured to fight recklessly!
You are too injured to fight recklessly!
You are too injured to fight recklessly!
You are too injured to fight recklessly!
You are too injured to fight recklessly!
You block the jackal's attack. The jackal bites you.
* * * LOW HITPOINT WARNING * * *
The jackal barely misses you.
You see here 13 stones.
The jackal barely misses you. The jackal bites you.
You die...

....!g. ###. ...lg##.. #hhh#.#
#l#.# ########## #...#
#........# ########.# .
#........### #.....gh.###...#
#....>.†...#####..h.........#
#......).......@hl.h...........
##########..............#######
##.####........#... #.##
#..........##
#..###...........#
##.............#..
#.............###
#....##'##....#
#...##...##...#######


You could see 4 jackals, a goblin and a frilled lizard.

Vanquished Creatures
  A dart slug (D:1)
  A hobgoblin (D:1)
  A goblin (D:1)
3 creatures vanquished.

Notes
Turn   | Place    | Note
-------+----------+-------------------------------------------
     0 | D:1      | Rennog the Vine Stalker Fighter began the quest for the
                  | Orb.
     0 | D:1      | Reached XP level 1. HP: 11/11 MP: 2/2
    83 | D:1      | Slain by a jackal

Illustrated notes

Levels and vault maps discovered:
D:1:      dpeg_arrival_shelter, layout_rooms, shapermc_ecumenical_altar_pompeii,
          kennysheep_small_spiral

Action                   || total
-------------------------++-------
Melee: Unarmed           ||    13
       Bite              ||     7
Armor: Scale mail        ||     7
Dodge: Dodged            ||     9
Block: Buckler           ||     5

Table legend: (Time is in decaauts)
 A = Elapsed time spent in this place.
 B = Non-inter-level travel time spent in this place.
 C = Inter-level travel time spent in this place.
 D = Time resting spent in this place.
 E = Time spent auto-exploring this place.
 F = Levels seen in this place.
 G = Mean time per level.
                   A        B        C        D        E       F      G
               +--------+--------+--------+--------+--------+-----+--------+
         Total |     82 |     82 |      0 |      0 |     51 |   1 |   82.0 |
       Dungeon |     82 |     82 |      0 |      0 |     51 |   1 |   82.0 |
               +--------+--------+--------+--------+--------+-----+--------+

Top non-repeatable levels by time:
     D:1: 82 daAuts
